AoeStats
← Iamak3186

Arabia

503625115Analyzed
1v1 RM · 1mo ago on Sep 1, 2026· 22m 40s· 2 players
Game mode
Random Map
Map size
Tiny (2 player)
Population
200
Speed
Normal
Resources
Standard
Victory
Conquest
Starting age
Dark Age
Ending age
Imperial Age
RankedLock teamsTeams togetherTeam positionsShared explorationLock speedFull tech treeHidden civsTurbo modeCheats
Victory
Defeat
🇮🇳 Mongols · India
1274
+18
🇹🇼 Wei · Taiwan
1307
-18
Iamak3186
5:45 Loom
8:30 Feudal Age
11:08 Double-Bit Axe
13:37 Horse Collar
19:13 Castle Age
18:32 Bloodlines
18:29 Scale Barding Armor
21:00 Bow Saw
礦石頭人
7:31 Loom
9:34 Feudal Age
10:16 Double-Bit Axe
10:58 Horse Collar
17:17 Bloodlines
21:58 Castle Age
21:44 Gold Mining
22:01 Fletching
Connection lost

Rejoining the realm…

Still unreachable

The connection could not be restored.

Session expired

The server has moved on; the page needs a fresh start.